 Dungeon Crawl Stone Soup version 0.28.0-53-g5a82cb258f (webtiles) character file.

Game seed: 10584256226052752267

177 dim the Chopper (level 5, -1/47 HPs)
             Began as a Hill Orc Berserker on July 10, 2022.
             Was an Initiate of Beogh.
             Slain by an ogre
             ... wielding a +0 giant club
              (8 damage)
             ... on level 4 of the Dungeon.
             The game lasted 00:15:08 (3331 turns).

dim the Chopper (Hill Orc Berserker)                Turns: 3331, Time: 00:15:09

Health: -1/47      AC:  7    Str: 22    XL:     5   Next: 57%
Magic:  5/5        EV: 16    Int:  7    God:    Beogh [......]
Gold:   177        SH:  0    Dex: 10    Spells: 4/4 levels left

rFire   . . .      SeeInvis .   a - +0 hand axe
rCold   . . .      Faith    .   (no shield)
rNeg    . . .      Spirit   .   e - +0 leather armour
rPois   .          Reflect  .   (no helmet)
rElec   .          Harm     .   (no cloak)
rCorr   .          Rampage  .   (no gloves)
Will    .....                   (no boots)
Stlth   +.........              h - amulet of regeneration
HPRegen 0.95/turn               m - +4 ring of protection
MPRegen 0.09/turn               j - +4 ring of evasion

@: about to teleport
A: no striking features
a: Renounce Religion


You were on level 4 of the Dungeon.
You worshipped Beogh.
Beogh was noncommittal.
You visited 1 branch of the dungeon, and saw 4 of its levels.

You collected 177 gold pieces.

Inventory:

Hand Weapons
 a - a +0 hand axe (weapon)
 c - a +1 dagger of speed
 d - a +0 hand axe
 l - a +0 morningstar
Armour
 b - a +0 animal skin
 e - a +0 leather armour (worn)
Jewellery
 h - an amulet of regeneration (around neck)
 j - a +4 ring of evasion (right hand)
 m - a +4 ring of protection (left hand)
Scrolls
 i - 5 scrolls of identify
 k - a scroll of teleportation
Potions
 f - a potion of heal wounds {unknown}
 g - a potion of ambrosia {unknown}
 n - a potion of mutation {unknown}


   Skills:
 + Level 4.9 Fighting
 + Level 6.2 Axes
 + Level 2.8 Armour
 + Level 2.2 Dodging
 + Level 0.2 Stealth


You had 4 spell levels left.
You didn't know any spells.
Your spell library was empty.

Dungeon Overview and Level Annotations

Branches:
Dungeon (4/15)
 Temple: D:4-7

Altars:
Hepliaklqana


Message History

You open the door.
There is an open door here.
You now have 177 gold pieces (gained 12).
Found an escape hatch in the ceiling.
There is an escape hatch in the ceiling here.
An ogre comes into view. It is wielding a +0 giant club.
The ogre shouts!
The ogre hits you with a +0 giant club!
You hit the ogre.
The ogre is lightly wounded.
The orc wizard hits the ogre with a +0 dagger.
The ogre closely misses you.
You slash the ogre!
The ogre is heavily wounded.
You closely miss the ogre.
The ogre is heavily wounded.
The ogre barely misses you.
You completely miss the ogre.
The ogre is heavily wounded.
The ogre hits you with a +0 giant club!
You barely miss the ogre.
The ogre is heavily wounded.
The ogre hits you with a +0 giant club!
You slash the ogre!
The ogre is severely wounded.
You barely miss the ogre.
The ogre is severely wounded.
The ogre closely misses you.
You hit the ogre.
The ogre is almost dead.
The ogre hits you with a +0 giant club!!
* * * LOW HITPOINT WARNING * * *
You barely miss the ogre.
The ogre is almost dead.
The ogre closely misses you.
You don't know any spells.
Okay, then.
As you read the scroll of teleportation, it crumbles to dust.
You feel strangely unstable. The ogre hits you with a +0 giant club!
You die...

#....#####..####.#.##...###o
####.....#.........#.###.#..
#####.....#........#...#...#.
#.........#........#...#...##
#.........#..###...#...#...#.
#.........#..# #....#.###.#..
#......####<.# #..#.##...###.
..............#
#..#.#.....#.#
###......#####@#
#..#..#...#... ########
#O...o.#..#####...
..........#...#...
.##....#..#.....#.# #.
.....#..##...###. .
..#.#....###.... #+
###.#.##........ # ####..##
.....


You could see an ogre and a neutral orc (wandering).

Vanquished Creatures
  A scorpion (D:4)
  3 gnolls (D:4)
  3 adders
  2 adder skeletons (D:4)
  3 dart slugs
  An orc (D:4)
  3 bats
  6 endoplasms
  A giant cockroach (D:1)
  5 goblins
  3 hobgoblins
  4 jackals (D:2)
  2 quokkas
  8 ball pythons
  2 frilled lizards (D:1)
  3 kobolds
  5 rats
55 creatures vanquished.

Vanquished Creatures (others)
  An orc (D:4)
  A bat (D:1)
  4 plants (D:3)
6 creatures vanquished.

Grand Total: 61 creatures vanquished

Notes
Turn   | Place    | Note
-------+----------+-------------------------------------------
     0 | D:1      | dim the Hill Orc Berserker began the quest for the Orb.
     0 | D:1      | Reached XP level 1. HP: 19/19 MP: 1/1
   437 | D:1      | Reached XP level 2. HP: 20/27 MP: 2/2
  1043 | D:1      | Reached XP level 3. HP: 32/33 MP: 3/3
  1357 | D:2      | Reached skill level 5 in Axes
  1679 | D:2      | Reached ** piety under Trog
  2342 | D:3      | Found a faded altar of an unknown god.
  2360 | D:3      | Reached XP level 4. HP: 38/41 MP: 4/4
  2664 | D:3      | Found a hazy altar of Hepliaklqana.
  3047 | D:4      | Noticed a scorpion
  3061 | D:4      | Killed a scorpion
  3062 | D:4      | Reached skill level 6 in Axes
  3062 | D:4      | Reached XP level 5. HP: 18/47 MP: 5/5
  3234 | D:4      | Fell from the grace of Trog
  3234 | D:4      | Became a worshipper of Beogh the Brigand
  3320 | D:4      | Noticed an ogre
  3331 | D:4      | Slain by an ogre

Illustrated notes

Levels and vault maps discovered:
D:1:      onia_arrival_mini_maze, layout_rooms
D:2:      layout_rooms, chequers_serial_rivers_marsh, roderic_serpentine_path
D:3:      layout_rooms, nicolae_hepliaklqana_hazy_memory,
          hellmonk_ecumenical_altar_pennies_from_heaven
D:4:      nicolae_cairo_tiling, layout_basic, nzn_wu_jian_council_hall,
          lemuel_tele_altar, nicolae_vehumet_altar_sigil, lemuel_crystal_altar,
          minmay_manual_mares

Skill      XL: |  1  2  3  4 |
---------------+-------------+-----
Fighting       | 4 |  4.9
Axes           | 5 6 |  6.2
Dodging        | 2 |  2.2
Armour         | |  2.8
Stealth        | |  0.2

Action                   |  1- 3 |  4- 6 || total
-------------------------+-------+-------++-------
Melee: Hand axe          |   128 |    73 ||   201
Invok: Berserk           |       |     1 ||     1
       Convert to Beogh  |       |     1 ||     1
  Use: Scroll            |     2 |     4 ||     6
Armor: Animal skin       |    16 |       ||    16
       Leather armour    |    43 |    18 ||    61
Dodge: Dodged            |    93 |    54 ||   147
